 Dungeon Crawl Stone Soup version 0.30.0-30-g96aa6591b8 (webtiles) character file.

Game seed: 11489941588544368659

40 croobank the Sneak (level 3, -1/31 HPs)
             Began as an Octopode Fire Elementalist on June 27, 2023.
             Was a Follower of Qazlal.
             Slain by an adder (3 damage)
             ... on level 2 of the Dungeon.
             The game lasted 00:04:31 (1285 turns).

croobank the Sneak (Octopode Fire Elementalist)     Turns: 1285, Time: 00:04:32

Health: -1/31      AC:  1    Str:  7    XL:     3   Next: 50%
Magic:  6/6        EV: 13    Int: 19    God:    Qazlal [*.....]
Gold:   43         SH:  2    Dex: 12    Spells: 3/6 levels left

rFire   . . .        c - +0 dagger
rCold   . . .        (no shield)
rNeg    . . .        (helmet restricted)
rPois   .            (no amulet)
rElec   .            (no ring)
rCorr   .            (no ring)
SInv    .            (no ring)
Will    .....        (no ring) Stlth
                     (no ring)
HPRegen 0.25/turn    (no ring)
MPRegen 0.10/turn    (no ring)
                     (no ring)

%: no passive effects
@: berserking, very quick
A: almost no armour, amphibious, 8 rings, camouflage 1, gelatinous body 1,
(nimble swimmer 1), tentacles
a: Renounce Religion


You were on level 2 of the Dungeon.
You worshipped Qazlal.
Qazlal was aware of your devotion.
You visited 1 branch of the dungeon, and saw 2 of its levels.

You collected 43 gold pieces.

Inventory:

Hand Weapons
 c - a +0 dagger (weapon)
 d - a +2 whip of electrocution
 i - a +0 short sword
Scrolls
 g - a scroll of identify
Potions
 a - 2 potions of magic
 f - a potion of heal wounds {unknown}
 h - a potion of attraction {unknown}


   Skills:
 * Level 0.2 Fighting
 + Level 2.4 Dodging
 - Level 3.3 Stealth
 + Level 2.3 Spellcasting
 + Level 1.7 Conjurations
 + Level 3.2 Fire Magic
 + Level 0.0 Invocations


You had 3 spell levels left.
You knew the following spells:

 Your Spells              Type           Power      Damage    Failure   Level
a - Foxfire               Conj/Fire      44%        2x1d6     6%          1
b - Scorch                Fire           28%        2d6       6%          2

Your spell library contained the following spells:

 Spells                   Type           Power      Damage    Failure   Level
 Inner Flame              Hex/Fire       8%         N/A       26%         3
 Volatile Blastmotes      Fire/Tloc      16%        2d11      26%         3
 Flame Wave               Conj/Fire      11%        2d6       52%         4


Dungeon Overview and Level Annotations

Branches:
Dungeon (2/15)

Altars:
Qazlal

Annotations:
D:2 Jessica, Robin


Innate Abilities, Weirdness & Mutations

You cannot wear most types of armour.
You are amphibious.
You can wear up to eight rings at the same time.
Your skin changes colour to match your surroundings (Stealth+).
Your rubbery body absorbs attacks. (AC +1, EV +1)
((You are camouflaged when in or above water. (Stealth+)))
You have tentacles for arms and can constrict up to eight enemies at once.


Message History

The goblin hits you with a +0 club. The goblin hits you with a +0 dagger.
A red film seems to cover your vision as you go berserk!
You feel yourself moving faster!
You feel mighty!
The goblin is engulfed in blazing flames.
You kill the goblin!
Qazlal accepts your kill. The goblin hits you with a +0 club.
* * * LOW HITPOINT WARNING * * *
The goblin is engulfed in poison gas.
The goblin is poisoned.
You kill the goblin!
Qazlal accepts your kill. The goblin barely misses you. The goblin misses you.
The goblin barely misses you.
You are too injured to fight recklessly!
You closely miss the goblin. You grab the goblin.
You constrict the goblin, but do no damage.
You puncture the goblin!
You kill the goblin!
Qazlal accepts your kill. The goblin hits you with a +0 dagger.
* * * LOW HITPOINT WARNING * * *
The goblin barely misses you. The goblin closely misses you.
You puncture the goblin!
You kill the goblin!
Qazlal accepts your kill. The bat barely misses you. x2
You miss the adder. Your grab misses the adder. The bat barely misses you.
The goblin closely misses you. Robin throws the goblin at you!
* * * LOW HITPOINT WARNING * * *
The goblin misses you. The adder bites you.
* * * LOW HITPOINT WARNING * * *
You closely miss the adder. Your grab misses the adder.
The bat hits you but does no damage. The goblin completely misses you.
The goblin is engulfed in poison gas.
The goblin is poisoned.
You kill the goblin!
Qazlal accepts your kill. The goblin hits you with a +0 dagger.
* * * LOW HITPOINT WARNING * * *
The adder bites you.
You die...

#§☼§§☼§@
#§☼§☼§§#
#§☼§§§§#
#§§§§§§#
#§.§.☼§#
#☼.gg§§###+#
##.ggbS☼☼☼§§§
+☼§gg@§§§§§§§
##§§§°§§§☼§§§
####§§☼§§§§§
#§☼§§§☼§§
#☼§☼§§§§§
§§§§§☼§§§
##§§###§☼ §§§
#§


You could see Robin, an adder, Jessica, 3 hobgoblins, 2 goblins and a bat.

Vanquished Creatures
  A dart slug (D:1)
  3 endoplasms (D:1)
  3 giant cockroaches (D:1)
  2 hobgoblins (D:1)
  6 jackals (D:1)
  4 kobolds (D:1)
  2 ball pythons (D:1)
  4 bats (D:1)
  6 goblins
  2 rats (D:1)
33 creatures vanquished.

Vanquished Creatures (others)
  39 foxfires (D:1)
39 creatures vanquished.

Grand Total: 72 creatures vanquished

Notes
Turn   | Place    | Note
-------+----------+-------------------------------------------
     0 | D:1      | croobank the Octopode Fire Elementalist began the quest for
                  | the Orb.
     0 | D:1      | Reached XP level 1. HP: 11/11 MP: 3/3
   218 | D:1      | Found a faded altar of an unknown god.
   251 | D:1      | Reached XP level 2. HP: 14/17 MP: 1/5
   294 | D:1      | Learned a level 2 spell: Scorch
   299 | D:1      | Prayed at the altar of an unknown god.
   299 | D:1      | Became a worshipper of Qazlal Stormbringer
   299 | D:1      | Reached * piety under Qazlal
   630 | D:1      | Reached XP level 3. HP: 17/21 MP: 6/6
  1277 | D:2      | Noticed Robin
  1277 | D:2      | Noticed Jessica
  1285 | D:2      | Slain by an adder

Illustrated notes

Levels and vault maps discovered:
D:1:      dpeg_arrival_pits, layout_loops_cross, ebering_ecumenical_altar_mist,
          minmay_box_of_dots
D:2:      layout_basic, serial_glass, glass_columns_b, glass_columns_c,
          due_unseen_surprise, uniq_robin, uniq_jessica

Skill      XL: |  1  2 |
---------------+-------+-----
Stealth        | 3 |  3.3
Fighting       | |  0.2
Dodging        | |  2.4
Spellcasting   | |  2.3
Conjurations   | |  1.7
Fire Magic     | |  3.2

Action                     || total
---------------------------++-------
  Melee: Unarmed           ||     7
         Dagger            ||    46
         Constrict         ||    15
         Tentacles         ||    10
   Cast: Foxfire           ||    22
         Scorch            ||     2
    Use: Scroll            ||     2
         Potion            ||     1
   Stab: Sleeping          ||     1
 Armour: Skin              ||    10
  Dodge: Dodged            ||    46
  Block: Other             ||     2
